 Dungeon Sprint DCSS version 0.31-a0-455-g1a7b003ef0 (webtiles) character file.

Game seed: 8889351989476561423

8582 zazu2006 the Fighter (level 11, -6/88 HPs)
             Began as a Gnoll Wanderer on Aug 3, 2023.
             Was the Champion of Vehumet.
             Mangled by a demonic crawler (8 damage)
             ... in the Dungeon (Sprint I: "Red Sonja").
             The game lasted 00:12:47 (1391 turns).

zazu2006 the Fighter (Gnoll Wanderer)               Turns: 1391, Time: 00:12:47

Health: -6/88      AC:  6    Str: 10 (13) XL:     11   Next: 33%
Magic:  17/17      EV: 14    Int:  9 (11) God:    Vehumet [******]
Gold:   1054       SH:  0    Dex:  9      Spells: 25/30 levels left

rFire   . . .        j - +2 dagger (venom)
rCold   . . .        (no shield)
rNeg    . . .        i - +0 troll leather armour
rPois   .            (no helmet)
rElec   .            (no cloak)
rCorr   .            (no gloves)
SInv    .            (no boots)
Will    .....        (no amulet)
Stlth   ++++         (no ring)
HPRegen 0.00/turn    (no ring)
MPRegen 0.15/turn

%: no teleportation, random rage (3%)
@: inhibited regen, unable to read
A: fangs 1, strong nose, distributed training, claws 1, berserk 1, clumsy 2,
deterioration 2, dopey 1, frail 1, low MP 3, screaming 1, inhibited
regeneration, no potion heal 1, inability to read after injury 1, devolution 1
a: Renounce Religion


You were in the Dungeon.
You worshipped Vehumet.
Vehumet was exalted by your worship.
You visited 1 branch You collected 1054 gold pieces.

Inventory:

Hand Weapons
 a - a +1 falchion
 j - a +2 dagger of venom (weapon)
Missiles
 h - 4 curare-tipped darts
Armour
 b - a +2 leather armour
 i - a +0 troll leather armour (worn)
Wands
 k - a wand of roots (2)
Scrolls
 c - a scroll of fear
 m - a scroll of identify {unknown}
 n - a scroll of silence {unknown}
 o - a scroll of vulnerability {unknown}
Potions
 d - 3 potions of curing
 f - a potion of haste
 g - 2 potions of magic
 l - a potion of brilliance {unknown}


   Skills:
 + Level 13.2 Fighting
 + Level 10.4 Short Blades
 + Level 10.7 Long Blades
 + Level 10.4 Axes
 + Level 10.4 Maces & Flails
 + Level 10.4 Polearms
 + Level 10.4 Staves
 + Level 10.4 Ranged Weapons
 + Level 10.4 Throwing
 + Level 11.3 Armour
 + Level 11.3 Dodging
 + Level 10.4 Stealth
 + Level 10.4 Shields
 + Level 10.4 Unarmed Combat
 + Level 10.4 Spellcasting
 + Level 8.7 Conjurations
 + Level 8.7 Hexes
 + Level 8.7 Summonings
 + Level 8.7 Necromancy
 + Level 8.7 Translocations
 + Level 8.7 Transmutations
 + Level 8.7 Fire Magic
 + Level 8.7 Ice Magic
 + Level 8.7 Air Magic
 + Level 8.7 Earth Magic
 + Level 8.7 Poison Magic
 + Level 11.3 Invocations
 + Level 10.7 Evocations
 + Level 8.7 Shapeshifting


You had 25 spell levels left.
You knew the following spells:

 Your Spells              Type           Power      Damage    Failure   Level
a - Sandblast             Erth           40%        2d10      1%          1
b - Shock                 Conj/Air       80%        1d8       1%          1
c - Mephitic Cloud        Conj/Pois/Air  20%        N/A       1%          3

Your spell library contained the following spells:

 Spells                   Type           Power      Damage    Failure   Level
 Freezing Cloud           Conj/Ice/Air   10%        6-21      3%          5


Dungeon Overview and Level Annotations

Branches:
Dungeon (1/1)

Altars:
Cheibriados
Dithmenos
Elyvilon
Fedhas
Gozag
Hepliaklqana
Kikubaaqudgha
Makhleb
Nemelex Xobeh
Okawaru
Qazlal
Ru
Sif Muna
Trog
Uskayaw
Vehumet
Wu Jian
Xom
Yredelemnul
Zin
The Shining One
Jiyva
Lugonu

Shops:
D :!!(*?[


Innate Abilities, Weirdness & Mutations

You have very sharp teeth.
Your uncanny sense of smell can sniff out nearby items.
Your experience applies equally to all skills.
You have sharp fingernails.
You sometimes lose your temper in combat.
You are very clumsy. (Dex -4)
Your body often deteriorates upon taking damage.
You are dopey. (Int -2)
You are frail. (-10% HP)
Your magical capacity is extremely low. (-30% MP)
You occasionally shout uncontrollably at your foes.
You do not regenerate when monsters are visible.
Potions are less effective at restoring your health.
You occasionally lose the ability to read scrolls when taking damage.
You have hidden genetic defects.


Message History

The grasping roots constrict the demonic crawler!
The grasping roots constrict the demonic crawler!!
The roots release their grip on the demonic crawler. x2
Things that are here:
a +0 dagger; a +0 robe Unknown command.
Okay, then.
The demonic crawler attacks as you move away!
The demonic crawler hits you. x3
* * * LOW HITPOINT WARNING * * *
The demonic crawler hits you.
* * * LOW HITPOINT WARNING * * *
The demonic crawler misses you. x2
There is an open door, spattered with blood here.
Aiming: Fastroot
Press: ? - help, Shift-Dir - straight line, p - demonic crawler The roots erupt in riotous growth!
Roots grab the demonic crawler. x3
The grasping roots constrict the demonic crawler!
The grasping roots constrict the demonic crawler. x2
The demonic crawler hits you!
* * * LOW HITPOINT WARNING * * *
The demonic crawler hits you!
* * * LOW HITPOINT WARNING * * *
Your body deteriorates!
You feel weakened. The demonic crawler closely misses you.
The demonic crawler struggles to escape constriction. x2
Unknown command.
Unknown command.
Unknown command.
Unknown command.
Your system partially rejects the healing.
You feel much better.
The grasping roots constrict the demonic crawler.
The grasping roots constrict the demonic crawler! x2
The demonic crawler escapes!
The demonic crawler hits you!
* * * LOW HITPOINT WARNING * * *
Your body deteriorates!
You feel weakened. The demonic crawler hits you!
You die...

#####################
[').#..'..#__#..@s..#∆∆
∆∆
.#..').#..'..'..#s.s##+#∆
###'#####'#__####..s'..#∆
∆
##..#...#.####§.#####..+∆
_####..##(#§~§§)#..# +##
____##'#_.+~§~§....#
.∩...'..._#§§~§.#§.#
..__##_.#'##§#####J###
____###'#)#.§§(###.'.#


You could see 4 demonic crawlers.

Vanquished Creatures
  2 centaur warriors (D)
  Sonja (D)
  A deep troll (D)
  8 shining eyes (D)
  An oklob plant (D)
  2 unseen horrors (D)
  2 kobold demonologists (D)
  A hornet (D)
  A slime creature (D)
  Sigmund (D)
  A yak (D)
  2 redbacks (D)
  5 floating eyes (D)
  An ogre (D)
  6 jellies (D)
  Ijyb (D)
36 creatures vanquished.

Vanquished Creatures (others)
  2 ballistomycete spores (D)
2 creatures vanquished.

Grand Total: 38 creatures vanquished

Notes
Turn   | Place    | Note
-------+----------+-------------------------------------------
     0 | D        | zazu2006 the Gnoll Wanderer began the quest for the Orb.
     0 | D        | zazu2006 set off with the following items: a +1 falchion, a
                  | +2 leather armour, a scroll of fear, a potion of curing, a
                  | potion of heal wounds, a potion of haste, 2 potions of
                  | magic, a potion of berserk rage, a scroll of blinking.
     0 | D        | Reached XP level 1. HP: 26/26 MP: 1/1
     2 | D        | Noticed Ijyb
     9 | D        | Killed Ijyb
    10 | D        | Reached skill level 1 in Short Blades
    10 | D        | Reached skill level 1 in Axes
    10 | D        | Reached skill level 1 in Maces & Flails
    10 | D        | Reached skill level 1 in Polearms
    10 | D        | Reached skill level 1 in Staves
    10 | D        | Reached skill level 1 in Ranged Weapons
    10 | D        | Reached skill level 1 in Throwing
    10 | D        | Reached skill level 1 in Stealth
    10 | D        | Reached skill level 1 in Shields
    10 | D        | Reached skill level 1 in Unarmed Combat
    10 | D        | Reached skill level 1 in Spellcasting
    10 | D        | Reached skill level 1 in Conjurations
    10 | D        | Reached skill level 1 in Hexes
    10 | D        | Reached skill level 1 in Summonings
    10 | D        | Reached skill level 1 in Necromancy
    10 | D        | Reached skill level 1 in Translocations
    10 | D        | Reached skill level 1 in Transmutations
    10 | D        | Reached skill level 1 in Fire Magic
    10 | D        | Reached skill level 1 in Ice Magic
    10 | D        | Reached skill level 1 in Air Magic
    10 | D        | Reached skill level 1 in Earth Magic
    10 | D        | Reached skill level 1 in Poison Magic
    10 | D        | Reached skill level 1 in Shapeshifting
    10 | D        | Reached XP level 2. HP: 33/33 MP: 1/4
    10 | D        | Reached XP level 3. HP: 38/38 MP: 1/5
    62 | D        | Noticed an ogre
    71 | D        | Killed an ogre
    72 | D        | Reached skill level 9 in Fighting
    72 | D        | Reached skill level 5 in Armour
    72 | D        | Reached skill level 5 in Dodging
    72 | D        | Reached XP level 4. HP: 34/46 MP: 5/8
   116 | D        | Noticed Sigmund
   123 | D        | Killed Sigmund
   124 | D        | Reached skill level 5 in Long Blades
   124 | D        | Reached skill level 5 in Evocations
   124 | D        | Reached XP level 5. HP: 52/52 MP: 8/11
   124 | D        | Reached XP level 6. HP: 59/59 MP: 8/12
   156 | D        | Found an ornate altar of the Wu Jian Council.
   156 | D        | Found a shimmering blue altar of Sif Muna.
   158 | D        | Found a radiant altar of Vehumet.
   221 | D        | Became a worshipper of Vehumet
   247 | D        | Found a viscous altar of Jiyva.
   247 | D        | Found a corrupted altar of Lugonu.
   247 | D        | Noticed a slime creature
   248 | D        | Found a burning altar of Makhleb.
   248 | D        | Found a shimmering altar of Xom.
   257 | D        | Killed a slime creature
   258 | D        | Reached skill level 10 in Fighting
   258 | D        | Reached skill level 5 in Short Blades
   258 | D        | Reached skill level 5 in Axes
   258 | D        | Reached skill level 5 in Maces & Flails
   258 | D        | Reached skill level 5 in Polearms
   258 | D        | Reached skill level 5 in Staves
   258 | D        | Reached skill level 5 in Ranged Weapons
   258 | D        | Reached skill level 5 in Throwing
   258 | D        | Reached skill level 5 in Stealth
   258 | D        | Reached skill level 5 in Shields
   258 | D        | Reached skill level 5 in Unarmed Combat
   258 | D        | Reached skill level 5 in Spellcasting
   258 | D        | Reached skill level 5 in Invocations
   258 | D        | Reached XP level 7. HP: 32/66 MP: 12/14
   366 | D        | Noticed Sonja
   370 | D        | Killed Sonja
   371 | D        | Reached skill level 5 in Conjurations
   371 | D        | Reached skill level 5 in Hexes
   371 | D        | Reached skill level 5 in Summonings
   371 | D        | Reached skill level 5 in Necromancy
   371 | D        | Reached skill level 5 in Translocations
   371 | D        | Reached skill level 5 in Transmutations
   371 | D        | Reached skill level 5 in Fire Magic
   371 | D        | Reached skill level 5 in Ice Magic
   371 | D        | Reached skill level 5 in Air Magic
   371 | D        | Reached skill level 5 in Earth Magic
   371 | D        | Reached skill level 5 in Poison Magic
   371 | D        | Reached skill level 5 in Shapeshifting
   371 | D        | Reached XP level 8. HP: 74/74 MP: 14/17
   385 | D        | Found Vubbynom's Antique Weapon Emporium.
   385 | D        | Found an ancient bone altar of Kikubaaqudgha.
   385 | D        | Found a stormy altar of Qazlal.
   385 | D        | Found a blossoming altar of Fedhas.
   385 | D        | Found a bloodstained altar of Trog.
   385 | D        | Found an iron altar of Okawaru.
   385 | D        | Found a glowing golden altar of the Shining One.
   385 | D        | Found a glowing silver altar of Zin.
   385 | D        | Found a white marble altar of Elyvilon.
   385 | D        | Noticed a yak
   386 | D        | Found a hazy altar of Hepliaklqana.
   386 | D        | Found a hide-covered altar of Uskayaw.
   386 | D        | Found a basalt altar of Yredelemnul.
   386 | D        | Found an opulent altar of Gozag.
   386 | D        | Found a snail-covered altar of Cheibriados.
   386 | D        | Found a sacrificial altar of Ru.
   386 | D        | Found a shadowy altar of Dithmenos.
   387 | D        | Killed a yak
   387 | D        | Reached * piety under Vehumet
   387 | D        | Offered knowledge of Sandblast by Vehumet.
   390 | D        | Learned a level 1 spell: Sandblast
   390 | D        | Found a sparkling altar of Nemelex Xobeh.
   405 | D        | Noticed a deep troll
   425 | D        | Killed a deep troll
   426 | D        | Reached skill level 11 in Fighting
   426 | D        | Reached XP level 9. HP: 29/81 MP: 13/19
   614 | D        | Found Icoimped's Armour Emporium.
   673 | D        | Noticed a centaur warrior
   673 | D        | Noticed a centaur warrior
   692 | D        | Noticed a kobold demonologist
   693 | D        | Noticed a kobold demonologist
   703 | D        | Noticed an orange demon
   703 | D        | Noticed an ice devil
   707 | D        | Killed a kobold demonologist
   707 | D        | Offered knowledge of Shock by Vehumet.
   707 | D        | Reached ** piety under Vehumet
   714 | D        | Killed a kobold demonologist
   719 | D        | Noticed a demonic crawler
   719 | D        | Noticed a demonic crawler
   719 | D        | Noticed a demonic crawler
   719 | D        | Noticed a demonic crawler
   743 | D        | Found Pick's Book Boutique.
   781 | D        | Killed a centaur warrior
   794 | D        | Killed a centaur warrior
   795 | D        | Reached skill level 12 in Fighting
   795 | D        | Reached XP level 10. HP: 9/89 MP: 22/22
   868 | D        | Reached *** piety under Vehumet
   878 | D        | Noticed an oklob plant
   880 | D        | Killed an oklob plant
   881 | D        | Reached skill level 10 in Armour
   881 | D        | Reached skill level 10 in Dodging
   900 | D        | Learned a level 1 spell: Shock
   977 | D        | Offered knowledge of Mephitic Cloud by Vehumet.
   982 | D        | Learned a level 3 spell: Mephitic Cloud
  1015 | D        | Killed an unseen horror
  1015 | D        | Offered knowledge of Stone Arrow by Vehumet.
  1015 | D        | Reached **** piety under Vehumet
  1016 | D        | Reached skill level 10 in Invocations
  1082 | D        | Killed an unseen horror
  1171 | D        | Noticed a shining eye
  1171 | D        | Noticed a shining eye
  1171 | D        | Noticed a shining eye
  1172 | D        | Paralysed by a floating eye for 2 turns
  1173 | D        | Noticed a shining eye
  1178 | D        | Paralysed by a floating eye for 4 turns
  1178 | D        | Noticed a shining eye
  1179 | D        | Gained mutation: Your magical capacity is low. (-10% MP) [a
                  | shining eye]
  1182 | D        | Gained mutation: Your magical capacity is very low. (-20%
                  | MP) [a shining eye]
  1183 | D        | Offered knowledge of Freezing Cloud by Vehumet.
  1183 | D        | Reached ***** piety under Vehumet
  1183 | D        | Gained mutation: You are dopey. (Int -2) [a shining eye]
  1184 | D        | Gained mutation: Your magical capacity is extremely low.
                  | (-30% MP) [a shining eye]
  1185 | D        | Killed a shining eye
  1185 | D        | Paralysed by a floating eye for 4 turns
  1190 | D        | Gained mutation: Potions are less effective at restoring
                  | your health. [a shining eye]
  1191 | D        | Gained mutation: You sometimes lose your temper in combat.
                  | [a shining eye]
  1197 | D        | Gained mutation: Your body sometimes deteriorates upon
                  | taking damage. [a shining eye]
  1199 | D        | Killed a shining eye
  1200 | D        | Reached skill level 10 in Long Blades
  1200 | D        | Reached skill level 10 in Evocations
  1222 | D        | Gained mutation: You have hidden genetic defects. [a
                  | shining eye]
  1224 | D        | Lost mutation: You sometimes lose your temper in combat. [a
                  | shining eye]
  1226 | D        | Gained mutation: You have sharp fingernails. [a shining
                  | eye]
  1229 | D        | Killed a shining eye
  1229 | D        | Gained mutation: You are frail. (-10% HP) [a shining eye]
  1230 | D        | Reached XP level 11. HP: 87/87 MP: 12/17
  1230 | D        | Gained mutation: You occasionally shout uncontrollably at
                  | your foes. [a shining eye]
  1231 | D        | Gained mutation: You occasionally lose the ability to drink
                  | potions when taking damage. [a shining eye]
  1233 | D        | Gained mutation: You do not regenerate when monsters are
                  | visible. [a shining eye]
  1234 | D        | Gained mutation: You occasionally lose the ability to read
                  | scrolls when taking damage. [a shining eye]
  1238 | D        | Killed a shining eye
  1242 | D        | Noticed a shining eye
  1243 | D        | Noticed a shining eye
  1243 | D        | Noticed a shining eye
  1247 | D        | Paralysed by a floating eye for 2 turns
  1254 | D        | Gained mutation: You are clumsy. (Dex -2) [a shining eye]
  1256 | D        | Gained mutation: You are very clumsy. (Dex -4) [hidden
                  | defects]
  1261 | D        | Killed a shining eye
  1262 | D        | Reached skill level 13 in Fighting
  1262 | D        | Reached skill level 10 in Short Blades
  1262 | D        | Reached skill level 10 in Axes
  1262 | D        | Reached skill level 10 in Maces & Flails
  1262 | D        | Reached skill level 10 in Polearms
  1262 | D        | Reached skill level 10 in Staves
  1262 | D        | Reached skill level 10 in Ranged Weapons
  1262 | D        | Reached skill level 10 in Throwing
  1262 | D        | Reached skill level 10 in Stealth
  1262 | D        | Reached skill level 10 in Shields
  1262 | D        | Reached skill level 10 in Unarmed Combat
  1262 | D        | Reached skill level 10 in Spellcasting
  1264 | D        | Lost mutation: You occasionally lose the ability to drink
                  | potions when taking damage. [a shining eye]
  1270 | D        | Paralysed by a floating eye for 4 turns
  1301 | D        | Gained mutation: Your body often deteriorates upon taking
                  | damage. [a shining eye]
  1303 | D        | Killed a shining eye
  1303 | D        | Reached ****** piety under Vehumet
  1314 | D        | Gained mutation: You sometimes lose your temper in combat.
                  | [a shining eye]
  1321 | D        | Killed a shining eye
  1328 | D        | Killed a shining eye
  1331 | D        | Found Mibler's General Store.
  1331 | D        | Found Neuruzi's Magic Scroll Boutique.
  1332 | D        | Found Sumabeur's Distillery.
  1332 | D        | Found Nitteise's Distillery.
  1339 | D        | Gained mutation: You have terrible hidden genetic defects.
                  | [hidden defects]
  1339 | D        | Lost mutation: You have terrible hidden genetic defects.
                  | [hidden defects expressed]
  1390 | D        | HP: 1/88 [demonic crawler (9)]
  1391 | D        | Mangled by a demonic crawler

Illustrated notes

Levels and vault maps discovered:
D:        dungeon_sprint_1 [red_sonja_temple_1, red_sonja_temple_small_1]

Skill      XL: |  1  2  3  4  5  6  7  8  9 10 11 |
---------------+----------------------------------+-----
Short Blades   | 1 3 4 5 6 7 8 9 10 | 10.4
Long Blades    | 3 4 5 6 7 9 10 | 10.7
Axes           | 1 3 4 5 6 7 8 9 10 | 10.4
Maces & Flails | 1 3 4 5 6 7 8 9 10 | 10.4
Polearms       | 1 3 4 5 6 7 8 9 10 | 10.4
Staves         | 1 3 4 5 6 7 8 9 10 | 10.4
Ranged Weapons | 1 3 4 5 6 7 8 9 10 | 10.4
Throwing       | 1 3 4 5 6 7 8 9 10 | 10.4
Stealth        | 1 3 4 5 6 7 8 9 10 | 10.4
Shields        | 1 3 4 5 6 7 8 9 10 | 10.4
Unarmed Combat | 1 3 4 5 6 7 8 9 10 | 10.4
Spellcasting   | 1 3 4 5 6 7 8 9 10 | 10.4
Conjurations   | 1 2 3 4 5 6 7 8 |  8.7
Hexes          | 1 2 3 4 5 6 7 8 |  8.7
Summonings     | 1 2 3 4 5 6 7 8 |  8.7
Necromancy     | 1 2 3 4 5 6 7 8 |  8.7
Translocations | 1 2 3 4 5 6 7 8 |  8.7
Transmutations | 1 2 3 4 5 6 7 8 |  8.7
Fire Magic     | 1 2 3 4 5 6 7 8 |  8.7
Ice Magic      | 1 2 3 4 5 6 7 8 |  8.7
Air Magic      | 1 2 3 4 5 6 7 8 |  8.7
Earth Magic    | 1 2 3 4 5 6 7 8 |  8.7
Poison Magic   | 1 2 3 4 5 6 7 8 |  8.7
Invocations    | 2 3 4 5 7 9 10 11 | 11.3
Evocations     | 3 4 5 6 7 9 10 | 10.7
Shapeshifting  | 1 2 3 4 5 6 7 8 |  8.7
Fighting       | 9 10 11 12 13 | 13.2
Armour         | 5 6 7 8 9 10 11 | 11.3
Dodging        | 5 6 7 8 9 10 11 | 11.3

Action                     |  1- 3 |  4- 6 |  7- 9 | 10-12 || total
---------------------------+-------+-------+-------+-------++-------
  Melee: Falchion          |    12 |    12 |       |       ||    24
         Bite              |     3 |     3 |     4 |    16 ||    26
         Dagger            |       |     3 |    38 |    84 ||   125
         Punch             |       |     1 |     2 |     6 ||     9
  Throw: Dart              |       |       |     2 |       ||     2
   Cast: Sandblast         |       |       |     7 |    44 ||    51
         Mephitic Cloud    |       |       |       |     3 ||     3
  Evoke: Wand              |     2 |     6 |     3 |     7 ||    18
    Use: Potion            |     1 |       |     1 |     1 ||     3
         Scroll            |       |       |     1 |       ||     1
   Stab: Sleeping          |     1 |     1 |     3 |     6 ||    11
         Paralysed         |       |     6 |       |       ||     6
 Armour: Leather armour    |       |       |     1 |       ||     1
         Troll leather arm |       |       |    18 |     6 ||    24
  Dodge: Dodged            |     7 |     9 |    29 |    30 ||    75

Table legend: (Time is in decaauts)
 A = Elapsed time spent in this place.
 B = Non-inter-level travel time spent in this place.
 C = Inter-level travel time spent in this place.
 D = Time resting spent in this place.
 E = Time spent auto-exploring this place.
 F = Levels seen in this place.
 G = Mean time per level.
                   A        B        C        D        E       F      G
               +--------+--------+--------+--------+--------+-----+--------+
         Total |   1375 |   1375 |      0 |    584 |     77 |   1 | 1375.0 |
       Dungeon |   1375 |   1375 |      0 |    584 |     77 |   1 | 1375.0 |
               +--------+--------+--------+--------+--------+-----+--------+

Top non-repeatable levels by time:
       D: 1375 daAuts
